 Dungeon Crawl Stone Soup version 0.30-a0-1082-g70414cbcbb (webtiles) character file.

Game seed: 2253033988737942660

1796373 cforsyth the Sensei (level 27, 248/248 (250) HPs)
             Began as an Octopode Summoner on Apr 15, 2023.
             Was the Champion of Jiyva.
             Escaped with the Orb
             ... and 4 runes on Apr 16, 2023!
             The game lasted 04:14:46 (117685 turns).

cforsyth the Sensei (Octopode Summoner)           Turns: 117685, Time: 04:14:47

HP:   248/248 (250) AC: 28    Str: 16    XL:     27
MP:   41/41         EV: 45    Int: 47    God:    Jiyva [******]
Gold: 3958          SH:  7    Dex: 16    Spells: 3/55 levels left

rFire   + + .      SeeInvis +    W - melded +5 glaive of the Guard {elec, spectral, AC+5}
rCold   + + .      Faith    .    (shield currently unavailable)
rNeg    + . .      Spirit   .    (helmet currently unavailable)
rPois   ∞          Reflect  +    S - amulet of reflection
rElec   +          Rampage  .    e - ring of Bosaeque {Contam rC+ Int+3 Dex+6}
rCorr   +                        M - ring of the Octopus King {rC+ HP+2 AC+2 EV+2 SH+2}
rMut    +                        s - ring of protection from fire
Will    ++++.                    p - ring of protection from fire
Stlth   +                        v - ring "Ixogeopty" {rElec Will+ Str+3 Int+3 Slay+4}
HPRegen 2.21/turn                G - ring of the Zebra {Fly Will+ Int+6}
MPRegen 0.77/turn                i - ring "Wiliaquh" {rElec rPois rN+ EV+5 Int+3}
                                 a - ring of Hogro {AC+4 SInv Stlth+}

@: storm-form, flying, lightly drained
A: cleaving, insubstantial, flying, almost no armour, amphibious, 8 rings,
(camouflage 1), (gelatinous body 1), (nimble swimmer 1), (tentacles),
(iridescent scales 3), clever 1, mutation resistance 3, (poison resistance),
robust 2, strong 1, (eyeballs 3), (jelly absorbing missiles)
0: Orb of Zot
}: 4/15 runes: serpentine, barnacled, slimy, silver
a: Blinkbolt, End Transformation, Renounce Religion, Oozemancy, Slimify


You escaped.
You worshipped Jiyva.
Jiyva was exalted by your worship.
You were a lightning-filled tempest!
You visited 14 branches of the dungeon, and saw 63 of its levels.
You also visited: Gauntlet and Ice Cave.

You collected 24939 gold pieces.
You spent 6293 gold pieces at shops.
You paid 14688 gold pieces to Gozag.

Inventory:

Hand Weapons
 W - the +5 glaive of the Guard (melded) {elec, spectral, AC+5}
   (You found it on level 3 of the Vaults)

   AC:        It affects your AC (+5).
Jewellery
 a - the ring of Hogro (on tentacle) {AC+4 SInv Stlth+}
   (You took it off a deep elf sorcerer on level 3 of the Elven Halls)

   [ring of protection]

   AC:        It affects your AC (+4).
   SInv:      It lets you see invisible.
   Stlth:     It makes you more stealthy.
 e - the ring of Bosaeque (left tentacle) {Contam rC+ Int+3 Dex+6}
   (You found it on level 2 of the Dungeon)

   [ring of protection from cold]

   Int:       It affects your intelligence (+3).
   Dex:       It affects your dexterity (+6).
   rC:        It protects you from cold.
   Contam:    It causes magical contamination when unequipped.
 i - the ring "Wiliaquh" (on tentacle) {rElec rPois rN+ EV+5 Int+3}
   (You bought it in a shop on level 1 of the Lair of Beasts)

   [ring of evasion]

   EV:        It affects your evasion (+5).
   Int:       It affects your intelligence (+3).
   rElec:     It insulates you from electricity.
   rPois:     It protects you from poison.
   rN:        It protects you from negative energy.
 n - a ring of magical power
 p - a ring of protection from fire (on tentacle)
 q - a ring of magical power
 s - a ring of protection from fire (on tentacle)
 v - the ring "Ixogeopty" (on tentacle) {rElec Will+ Str+3 Int+3 Slay+4}
   (You bought it in a shop on level 1 of the Lair of Beasts)

   [ring of slaying]

   Str:       It affects your strength (+3).
   Int:       It affects your intelligence (+3).
   Slay:      It affects your accuracy & damage with ranged weapons and melee
   (+4).
   rElec:     It insulates you from electricity.
   Will:      It increases your willpower.
 F - a ring of magical power
 G - the ring of the Zebra (on tentacle) {Fly Will+ Int+6}
   (You took it off a deep elf high priest on level 3 of the Elven Halls)

   [ring of flight]

   Int:       It affects your intelligence (+6).
   Fly:       It grants you flight.
   Will:      It increases your willpower.
 H - the ring of the Omega Point {rCorr Dex+2}
   (You found it on level 5 of the Vaults)

   [ring of resist corrosion]

   Dex:       It affects your dexterity (+2).
   rCorr:     It protects you from acid and corrosion.
 M - a ring of the Octopus King (right tentacle) {rC+ HP+2 AC+2 EV+2 SH+2}
   (You found it on level 2 of the Shoals)

   [ring of protection from cold]

   AC:        It affects your AC (+2).
   EV:        It affects your evasion (+2).
   rC:        It protects you from cold.
   HP:        It affects your health (+2).
   SH:        It affects your SH (+2).
 O - a +4 ring of protection
 P - a ring of protection from cold
 S - an amulet of reflection (around neck)
 Z - a ring of protection from fire
Wands
 l - a wand of roots (45)
 u - a wand of flame (73)
 x - a wand of paralysis (54)
 y - a wand of quicksilver (52)
 A - a wand of digging (13)
 D - a wand of mindburst (66)
 R - a wand of polymorph (14)
Scrolls
 b - 8 scrolls of poison
 c - 11 scrolls of immolation
 d - 7 scrolls of silence
 g - 4 scrolls of amnesia
 h - 6 scrolls of fog
 k - 8 scrolls of fear
 C - 30 scrolls of identify
 E - 12 scrolls of vulnerability
 I - a scroll of blinking
 K - 6 scrolls of teleportation
 L - 4 scrolls of summoning
 V - 5 scrolls of enchant armour
Potions
 f - 8 potions of mutation
 j - 14 potions of might
 m - 7 potions of berserk rage
 o - 2 potions of magic
 r - 6 potions of haste
 t - 10 potions of lignification
 z - 12 potions of heal wounds
 B - 7 potions of flight
 J - 23 potions of curing
 N - 5 potions of resistance
 Q - 8 potions of brilliance
 T - 4 potions of cancellation
 U - a potion of ambrosia
 X - 7 potions of invisibility
 Y - 7 potions of attraction


   Skills:
 - Level 22.0 Fighting
 + Level 23.3 Dodging
 - Level 2.6 Stealth
 + Level 24.1 Unarmed Combat
 - Level 14.9 Spellcasting
 - Level 2.0 Hexes
 - Level 16.2 Summonings
 - Level 13.0 Translocations
 + Level 22.3 Transmutations
 + Level 19.7 Air Magic


You had 3 spell levels left.
You knew the following spells:

 Your Spells              Type           Power      Damage    Failure   Level
a - Storm Form            Tmut/Air       62%        N/A       1%          7
b - Manifold Assault      Tloc           100%       N/A       1%          4
c - Call Canine Familiar  Summ           100%       N/A       0%          3
d - Summon Guardian Gole  Hex/Summ       88%        N/A       1%          3
e - Summon Lightning Spi  Summ/Air       100%       N/A       0%          4
f - Summon Forest         Summ/Tloc      53%        N/A       1%          5
g - Summon Cactus Giant   Summ           56%        N/A       1%          6
h - Summon Mana Viper     Hex/Summ       88%        N/A       1%          5
i - Summon Hydra          Summ           56%        N/A       1%          7
j - Maxwell's Capacitive  Air            60%        ∞         1%          8

Your spell library contained the following spells:

 Spells                   Type           Power      Damage    Failure   Level
 Apportation              Tloc           100%       N/A       0%          1
 Beastly Appendage        Tmut           100%       N/A       0%          1
 Shock                    Conj/Air       100%       1d9       0%          1
 Summon Small Mammal      Summ           100%       N/A       0%          1
 Blink                    Tloc           100%       N/A       0%          2
 Call Imp                 Summ           100%       N/A       0%          2
 Lesser Beckoning         Tloc           100%       N/A       0%          2
 Passwall                 Tmut/Erth      80%        N/A       0%          2
 Wereblood                Tmut           100%       N/A       0%          2
 Gell's Gravitas          Tloc           100%       N/A       0%          3
 Swiftness                Air            100%       N/A       0%          3
 Teleport Other           Tloc           100%       N/A       0%          3
 Vhi's Electric Charge    Tloc/Air       100%       N/A       0%          3
 Magic Dart               Conj           100%       1d8       1%          1
 Cigotuvi's Dreadful Rot  Necr/Pois/Air  100%       N/A       1%          2
 Ensorcelled Hibernation  Hex/Ice        88%        N/A       1%          2
 Momentum Strike          Conj/Tloc      100%       3d10      1%          2
 Poisonous Vapours        Pois/Air       100%       N/A       1%          2
 Searing Ray              Conj           70%        2d7       1%          2
 Sublimation of Blood     Necr           35%        N/A       1%          2
 Dazzling Flash           Conj/Hex       88%        N/A       1%          3
 Hailstorm                Conj/Ice       35%        3d9       1%          3
 Ignite Poison            Fire/Tmut/Pois 81%        N/A       1%          3
 Inner Flame              Hex/Fire       44%        N/A       1%          3
 Mephitic Cloud           Conj/Pois/Air  77%        N/A       1%          3
 Ozocubu's Armour         Ice            35%        N/A       1%          3
 Portal Projectile        Hex/Tloc       100%       N/A       1%          3
 Spider Form              Tmut/Pois      96%        N/A       1%          3
 Stone Arrow              Conj/Erth      70%        3d11      1%          3
 Tukima's Dance           Hex            52%        N/A       1%          3
 Volatile Blastmotes      Fire/Tloc      100%       2d18      1%          3
 Airstrike                Air            60%        2d(9-25)  0%          4
 Blade Hands              Tmut           64%        N/A       0%          5
 Ice Form                 Ice/Tmut       96%        N/A       1%          4
 Iskenderun's Mystic Bla  Conj/Tloc      77%        2d15      1%          4
 Passage of Golubria      Tloc           100%       N/A       1%          4
 Petrify                  Tmut/Erth      96%        N/A       1%          4
 Alistair's Intoxication  Tmut/Pois      64%        N/A       1%          5
 Arcjolt                  Conj/Air       45%        1d55      1%          5
 Freezing Cloud           Conj/Ice/Air   38%        6-21      1%          5
 Irradiate                Conj/Tmut      48%        3d27      1%          5
 Silence                  Hex/Air        47%        N/A       1%          5
 Yara's Violent Unravell  Hex/Tmut       49%        3d19      1%          5
 Conjure Ball Lightning   Conj/Air       45%        3x3d16    1%          6
 Eringya's Noxious Bog    Tmut/Pois      48%        N/A       1%          6
 Statue Form              Tmut/Erth      64%        N/A       1%          6
 Fulminant Prism          Conj/Hex       22%        3d12      4%          4
 Leda's Liquefaction      Hex/Erth       22%        N/A       4%          4
 Olgreb's Toxic Radiance  Pois           35%        N/A       7%          4
 Metabolic Englaciation   Hex/Ice        22%        N/A       12%         5
 Borgnjor's Vile Clutch   Necr/Erth      17%        N/A       19%         5
 Fireball                 Conj/Fire      17%        3d9       19%         5
 Iskenderun's Battlesphe  Conj           35%        2d9       19%         5
 Lee's Rapid Deconstruct  Erth           17%        3d11*     19%         5
 Spellforged Servitor     Conj/Summ      42%        N/A       21%         7
 Necromutation            Tmut/Necr      48%        N/A       41%         8
 Iron Shot                Conj/Erth      17%        9d4       71%         6
 Simulacrum               Ice/Necr       17%        N/A       71%         6
 Starburst                Conj/Fire      17%        6d6       71%         6
 Enfeeble                 Hex            26%        N/A       94%         7
 Orb of Destruction       Conj           17%        9d7       99%         7
 Ozocubu's Refrigeration  Ice            17%        4d11      99%         7
 Discord                  Hex            26%        N/A       100%        8
 Ignition                 Fire           17%        3d7       100%        8
 Lehudib's Crystal Spear  Conj/Erth      17%        10d5      100%        8
 Chain Lightning          Conj/Air       45%        3d60      100%        9
 Fire Storm               Conj/Fire      17%        8d5       100%        9
 Shatter                  Erth           17%        3d16*     100%        9
 Animate Armour           Summ/Erth      Unusable   N/A       N/A         4

Dungeon Overview and Level Annotations

Branches:
Dungeon (15/15)            Temple (0/1) D:5            Lair (5/5) D:10
 Shoals (4/4) Lair:2        Snake (4/4) Lair:2        Slime (5/5) Lair:4
    Orc (2/2) D:10            Elf (3/3) Orc:2        Vaults (5/5) D:13
  Crypt (3/3) Vaults:3       Tomb (1/3) Crypt:3      Depths (4/4) D:15
   Hell (visited)             Dis (0/7) Hell            Geh (0/7) Hell
    Coc (7/7) Hell            Tar (0/7) Hell            Zot (5/5) Depths:4
  IceCv (visited)         Gauntlet (visited)

Altars:
Ashenzari
Elyvilon
Gozag
Hepliaklqana
Kikubaaqudgha
Makhleb
Qazlal
Sif Muna
Trog
Vehumet
Wu Jian
Xom
Yredelemnul
The Shining One
Jiyva

Shops:
D:6 (   D:7 =   D:9 [   D:13 !   Orc:2 *[[:   Elf:3 (   Lair:1 ?:=:**=*=*=
Snake:1 [[[   Snake:2 ?   Snake:3 ?=*(   Snake:4 *[[:   Vaults:2 !   Depths:3 *

Portals:
Hell: Depths:1 Depths:2 Depths:3 Depths:4
Abyss: Depths:3
Pandemonium: Depths:1 Depths:2 Depths:3
Ziggurat: Depths:2

Annotations:
Slime:5 Royal Jelly
Elf:2 1 runed translucent door


Innate Abilities, Weirdness & Mutations

You are a lightning-filled tempest!
Your electrical attacks strike out in all directions at once.
You are incredibly evasive.
Your insubstantial body is immune to petrification, constriction, and being set on fire You are flying.
Your armour is entirely melded.
You are incapable of wielding weapons or throwing items.
You cannot wear most types of armour.
You are amphibious.
You can wear up to eight rings at the same time.
((Your skin changes colour to match your surroundings (Stealth+).))
((Your rubbery body absorbs attacks. (AC +1, EV +1)))
((You are camouflaged when in or above water. (Stealth+)))
((You have tentacles for arms and can constrict up to eight enemies at once.))
((You are completely covered in iridescent scales. (AC +6)))
Your mind is acute. (Int +4, Str/Dex -1)
You are almost entirely resistant to further mutation and mutation removal.
((Your system is resistant to poisons. (rPois)))
You are very robust. (+20% HP)
Your muscles are strong. (Str +4, Int/Dex -1)
((Your body is covered in eyes which may confuse attackers. (Acc +7, SInv)))
((You have a small jelly attached to you that may absorb projectiles.))


Message History

The Orb Guardian misses you.
Casting: Manifold Assault (safe; 1% risk of failure)
Confirm with . or Enter, or press ? or * to list all spells.
You turn into a lightning-filled tempest!
The +5 glaive of the Guard {elec, spectral, AC+5} melds into your body.
The +5 glaive of the Guard {elec, spectral, AC+5} stops crackling.
The Orb Guardian completely misses you.
You batter the Orb Guardian!!
The Orb Guardian is moderately wounded.
The Orb Guardian completely misses you.
You barely miss the Orb Guardian.
The Orb Guardian is moderately wounded.
You block the Orb Guardian's attack.
You blast the Orb Guardian!!!!
You kill the Orb Guardian!
There is a stone staircase leading up here.
You fly upwards.
There is a stone staircase leading down here.
There is a stone staircase leading up here.
You fly upwards.
There is a stone staircase leading down here.
Aiming: Dig
Press: ? - help, Shift-Dir - straight line A rock wall.
This square is covered in magical glow.
The rock shatters into small pieces.
An Orb Guardian comes into view.
The Orb Guardian is engulfed in dark miasma.
The Orb Guardian is poisoned.
The Orb Guardian seems to slow down.
The Orb Guardian is no longer moving slowly.
The Orb Guardian is engulfed in dark miasma.
The Orb Guardian looks even sicker.
The Orb Guardian seems to slow down.
You batter the Orb Guardian!!
The Orb Guardian is heavily wounded.
The Orb Guardian is no longer moving slowly.
You blast the Orb Guardian!!!
You kill the Orb Guardian!
Really fly into a travel-excluded area?
There is a staircase leading out of the dungeon here.
You have escaped!

#.##....##.# ##)#.......# #..
#.#.....'..# #..#.......# ###
#.#.#...#######.##########
#...######~~~~#'#~~~~## #...#
#§~○○~#.#~~~○~# #...#
#~○§○~#.#~~~~~# #>..#
#~☼#☼☼#.#~~#○~# #.#.#
#○§~~§#.#~~~~~#
#.#.#####☼○☼☼○#v#~~☼~~#
#.#.....°~○☼☼~..#○~§~~#
##..####○#~○§○§#.#~~~~~########
.....)...#~☼#○○#.#~~#~~#......#
...####..#~~~°~#.#~~~~~#......#
...#
##.##~~~~#+#~~~~##......###
...# #..######.#######......'.#
...# #..............#.......#.#
...# #......######..........#.#


There were no monsters in sight!

Vanquished Creatures
  Dissolution (Slime:3)
  3 orbs of fire (Zot:5)
  6 ancient liches
  8 dread liches
  4 juggernauts
  Sojobo (Depths:4)
  Boris (Depths:2)
  4 shard shrikes
  2 caustic shrikes (Depths:3)
  5 Killer Klowns
  Geryon (Hell)
  5 curse toes
  7 golden dragons
  A Brimstone Fiend (Depths:2)
  A Tzitzimitl (D:14)
  4 electric golems
  A hellephant (Hell)
  23 tentacled monstrosities
  4 Ice Fiends
  6 titans
  A walking crystal tome (Depths:3)
  23 Orb Guardians
  7 quicksilver dragons
  5 searing wretches (Depths:4)
  5 liches
  A walking earthen tome (Depths:3)
  A walking divine tome (Depths:3)
  3 deep elf master archers (Elf:3)
  19 acid blobs
  6 sphinxes
  9 death cobs
  10 ancient champions
  14 storm dragons
  8 shadow dragons
  9 rockslimes
  6 tengu reavers
  5 fire giants
  7 draconian monks
  9 narguns
  2 revenants
  4 iron dragons
  5 azure jellies
  3 draconian knights (Zot:3)
  2 deep elf sorcerers
  11 frost giants
  5 vault wardens
  3 shard shrike simulacra
  5 ghost moths
  3 draconian shifters
  6 draconian stormcallers
  6 curse skulls
  2 draconian scorchers
  9 very ugly things
  2 spriggan defenders
  2 ghouls (Crypt:3)
  5 reapers
  4 quicksilver oozes
  7 draconian annihilators
  4 ironbound preservers
  A juggernaut skeleton (Crypt:3)
  10 green draconians
  A cacodemon (Depths:4)
  9 elemental wellsprings
  6 vampire knights
  9 stone giants
  9 purple draconians
  10 black draconians
  10 white draconians
  A spark wasp (shapeshifter) (Vaults:4)
  15 red draconians
  16 yellow draconians
  2 eidola (Crypt:1)
  5 wendigos
  4 blizzard demons
  12 ettins
  3 green deaths
  9 jiangshi
  A mummy priest (Tomb:1)
  6 deep elf death magi
  2 merfolk impalers
  4 fire dragons
  A merfolk javelineer (Depths:3)
  A yaktaur captain (Vaults:4)
  8 great orbs of eyes
  A deep elf high priest (Vaults:5)
  25 vault guards
  5 ice dragons
  3 spriggan skeletons
  2 rakshasas (Depths:2)
  A stoker (Depths:4)
  7 caustic shrike simulacra
  2 peacekeepers (Vaults:4)
  An ironbound frostheart (Vaults:4)
  3 juggernaut simulacra
  2 hell beasts (Depths:3)
  A death knight (Crypt:1)
  8 death scarabs (Tomb:1)
  3 tengu warriors
  5 deep troll shamans
  5 vampire magi
  6 hell hogs
  3 deep troll earth magi
  A spriggan berserker (Depths:2)
  8 sun demons
  6 hell knights
  2 sixfirhies
  2 storm dragon zombies
  3 spriggans (Depths:4)
  6 iron trolls
  6 soul eaters
  3 quicksilver dragon simulacra
  14 skeletal warriors
  A shadow wraith (Crypt:3)
  A storm dragon skeleton (Crypt:2)
  A bunyip zombie (Hell)
  6 flayed ghosts
  18 deep trolls
  2 deep elf archers
  An anaconda skeleton (Crypt:1)
  9 phantasmal warriors
  A bog body (Crypt:3)
  4 ironbound convokers (Vaults:4)
  A fenstrider witch simulacrum (Hell)
  3 spriggan simulacra
  2 orc knights
  5 necromancers
  A deep elf zephyrmancer (Elf:2)
  2 harpies (Shoals:1)
  2 deep elf pyromancers
  A wolf spider (Vaults:4)
  A stone giant zombie (Crypt:3)
  5 shining eyes
  2 ugly things
  A fire giant zombie (Depths:2)
  2 frost giant zombies
  5 rust devils
  25 moths of wrath
  A stone giant skeleton (Crypt:3)
  A demonic crawler (Depths:4)
  2 smoke demons
  2 vault sentinels (Vaults:4)
  A black mamba (Snake:4)
  A fire giant skeleton (Depths:1)
  2 orange demons (Depths:3)
  7 hellions
  4 titan simulacra
  An alligator snapping turtle zombie (Crypt:1)
  2 storm dragon simulacra (Coc:1)
  8 freezing wraiths
  3 anaconda simulacra
  A kobold demonologist (Depths:3)
  An unseen horror (D:8)
  A yellow draconian skeleton (Crypt:1)
  3 yaktaurs
  4 tormentors
  5 red devils
  3 ice devils
  A red draconian skeleton (Crypt:2)
  12 guardian mummies
  2 iron giant simulacra
  A grey draconian skeleton (Crypt:3)
  A golden dragon simulacrum (Coc:3)
  2 hellwings
  3 shadow dragon simulacra
  A hydra zombie (Crypt:1)
  2 blink frogs
  2 tarantella zombies (Crypt:2)
  3 hornets (Depths:4)
  A stone giant simulacrum (Coc:1)
  22 flying skulls
  74 slime creatures
  A fire dragon skeleton (Tomb:1)
  3 ynoxinuls
  A culicivora (Vaults:4)
  An ice dragon skeleton (Crypt:1)
  9 water elementals
  3 dire elephant simulacra
  8 wraiths
  A neqoxec (Depths:2)
  13 golden eyes
  2 redbacks (Vaults:4)
  12 harpy simulacra
  3 wargs
  A hydra simulacrum (Coc:4)
  A swamp drake (shapeshifter) (Vaults:4)
  2 glowing shapeshifter skeletons
  An orc warrior (Vaults:5)
  3 ettin simulacra
  3 wolves
  An ogre (Vaults:5)
  2 kobold brigands (Depths:3)
  2 bullfrogs
  A komodo dragon zombie (Crypt:3)
  A necrophage (Crypt:3)
  5 naga simulacra
  A wyvern skeleton (Crypt:1)
  2 orc priests
  A basilisk skeleton (Crypt:2)
  A black bear zombie (Crypt:3)
  2 orc wizards
  Natasha (D:2)
  8 hell rats
  A hound zombie (D:2)
  A hound skeleton (Crypt:2)
  2 mummies (Tomb:1)
  A gnoll (D:4)
  An ufetubus (D:4)
  A lava snake zombie (Crypt:1)
  An adder zombie (D:2)
  2 worms (D:4)
  3 dart slugs
  9 orcs
  3 ball pythons
  4 bats
  3 endoplasms (D:1)
  A giant cockroach (D:1)
  4 hobgoblins
  4 jackals
  7 kobolds
  A quokka (D:1)
  A frilled lizard (D:3)
  5 goblins
  2 rats
  4 fire vortices (Hell)
1054 creatures vanquished.

Vanquished Creatures (collateral kills)
  Mennas (Vaults:4)
  Boris (twice) (Vaults:3 Crypt:1)
  Bai Suzhen (Vaults:4)
  Nikola (Elf:3)
  Jory (Vaults:4)
  A shard shrike zombie (Crypt:3)
  A tentacled monstrosity (Vaults:3)
  4 Orb Guardians (Zot:5)
  2 deep elf blademasters (Elf:3)
  5 titans
  A lich (Depths:3)
  2 quicksilver dragons (Snake:4)
  A deep elf master archer (Elf:3)
  Frances (Snake:2)
  The ghost of Caumakya the Peltast, an adept MiFi of Okawaru (Snake:1)
  The ghost of Maeg the Wrestler, an adept TrMo of Jiyva (Snake:1)
  Gastronok (D:8)
  2 ancient champions
  9 sphinxes
  Kirke (D:14)
  The ghost of Guoplah the Executioner, an adept HOFi of Okawaru (Snake:1)
  4 shadow dragons
  4 nagarajas
  A tengu reaver (Depths:4)
  The ghost of Kemp the Severer, an adept MiMo of Ashenzari (Snake:1)
  Donald (Elf:1)
  The ghost of Sopaerr the Warrior, a journeyman MiBe of Trog (Snake:1)
  A fire giant (Depths:2)
  5 frost giants
  An emperor scorpion (D:15)
  6 deep elf sorcerers
  Aizul (Snake:1)
  A shard shrike simulacrum (Coc:6)
  7 vault wardens
  15 ironbound preservers
  3 deep elf elementalists
  An orc warlord (Orc:2)
  A caustic shrike skeleton (Crypt:2)
  3 ironbound thunderhulks
  A stone giant (Vaults:5)
  11 very ugly things
  2 war gargoyles
  3 deep elf demonologists
  A vampire knight (Crypt:3)
  2 green draconians (Zot:1)
  2 bennus (Tomb:1)
  4 deep elf annihilators
  2 yellow draconians
  The ghost of Fagh the Fighter, a journeyman DsCK of Xom (Lair:4)
  A black draconian (Zot:3)
  2 purple draconians
  A white draconian (IceCv)
  A red draconian (Zot:1)
  4 dire elephants
  6 deep elf death magi
  4 merfolk javelineers
  3 crystal guardians (Vaults:4)
  12 yaktaur captains
  7 ettins
  A jiangshi (Crypt:1)
  A mummy priest (Crypt:3)
  8 merfolk impalers
  4 great orbs of eyes
  Harold (Lair:2)
  An entropy weaver (Vaults:1)
  5 salamander tyrants (Snake:4)
  7 deep elf high priests
  Fannar (Lair:1)
  5 ogre magi
  3 hydras
  5 ice dragons (IceCv)
  2 rakshasas (D:15)
  6 vault guards
  An anaconda (shapeshifter) (Elf:1)
  2 peacekeepers (Vaults:4)
  3 merfolk avatars
  14 centaur warriors
  A catoblepas (Lair:5)
  5 boulder beetles
  14 ironbound frosthearts
  An alligator snapping turtle (Shoals:3)
  33 dancing weapons
  6 naga warriors
  A hell hog (Hell)
  12 anacondas
  4 satyrs
  5 two-headed ogres
  6 merfolk aquamancers
  4 tengu warriors
  4 vampire magi
  A death scarab (Tomb:1)
  2 deep troll shamans (Depths:2)
  A death knight (Crypt:3)
  4 death yaks
  A deep troll earth mage (Vaults:5)
  7 naga sharpshooters
  7 orc high priests (Orc:2)
  6 shock serpents
  16 deep elf knights
  2 hell knights (Depths:2)
  An iron troll (Depths:2)
  A salamander mystic (Snake:4)
  12 spriggans (Lair:5)
  6 sea snakes
  7 skeletal warriors
  2 shadow wraiths (Crypt:2)
  3 skysharks
  A bunyip zombie (Crypt:2)
  34 deep trolls
  A swamp dragon (shapeshifter) (Elf:3)
  An orange crystal statue (IceCv)
  17 lindwurms
  A flayed ghost (Crypt:3)
  2 naga ritualists
  4 phantasmal warriors
  A kraken simulacrum (Shoals:2)
  Pikel (D:5)
  12 deep elf archers
  A lindwurm (shapeshifter) (Vaults:3)
  13 ironbound convokers
  An orc knight (Vaults:5)
  4 harpies
  8 necromancers
  25 deep elf pyromancers
  21 deep elf zephyrmancers
  12 wizards
  5 mana vipers
  A fire giant zombie (Vaults:5)
  2 orc sorcerers
  6 human zombies
  13 cyclopes
  A frost giant zombie (Depths:1)
  A tengu skeleton (Vaults:1)
  13 manticores
  15 fauns
  50 ugly things
  11 salamanders
  39 black mambas
  17 elephants
  12 merfolk sirens
  A rust devil (Hell)
  10 vault sentinels
  2 torpor snails
  7 guardian serpents
  8 naga magi
  A centaur zombie (Crypt:2)
  A kobold demonologist (D:12)
  12 water nymphs
  An elf skeleton (Vaults:1)
  A dire elephant skeleton (Crypt:3)
  A catoblepas zombie (Crypt:2)
  A naga skeleton (Crypt:2)
  7 cane toads
  An alligator snapping turtle zombie (Crypt:1)
  10 komodo dragons
  28 yaktaurs
  9 swamp worm zombies (Crypt:2)
  An unseen horror (D:12)
  A tengu conjurer (Depths:1)
  17 rime drakes
  6 freezing wraiths
  A guardian mummy (Tomb:1)
  4 trolls
  20 merfolk
  A harpy zombie (Tomb:1)
  11 polar bears
  A mana viper skeleton (Crypt:3)
  8 nameless horrors
  A tarantella (shapeshifter) (Vaults:3)
  A tarantella (Vaults:1)
  14 wind drakes
  4 hornets (Lair:5)
  10 blink frogs
  A blink frog (shapeshifter) (D:15)
  15 dream sheep
  8 snapping turtles
  3 vampires
  Sigmund (D:2)
  15 slime creatures
  A flying skull (Tomb:1)
  A shadow (D:11)
  6 wyverns
  16 air elementals
  21 yaks
  3 wraiths
  37 water elementals
  4 fire elementals
  18 humans
  A basilisk (shapeshifter) (D:15)
  4 steam dragons
  3 sea snake simulacra (Shoals:2)
  An alligator snapping turtle simulacrum (Shoals:2)
  A redback (Vaults:5)
  Menkaure (D:7)
  5 hogs (D:14)
  A redback simulacrum (D:15)
  A human simulacrum (Vaults:1)
  5 basilisks
  30 nagas
  Edmund (D:5)
  7 wargs (Orc:2)
  11 water moccasins
  A swamp drake (D:10)
  3 ice beasts
  An ettin simulacrum (Vaults:1)
  A cane toad skeleton (Crypt:3)
  9 black bears
  4 ogres
  17 orc warriors
  2 satyr simulacra (Shoals:2)
  20 wolves
  8 boggarts
  4 centaurs
  A lemure (D:5)
  A phantom (D:7)
  4 human skeletons
  2 kobold brigands
  3 gnoll sergeants
  4 bullfrogs
  2 earth elementals (Elf:3)
  4 scorpions
  3 faun simulacra (Shoals:2)
  7 wights
  Dowan (D:4)
  A manticore simulacrum (Shoals:2)
  6 killer bees (D:9)
  4 electric eels
  2 howler monkeys
  A gnoll bouda (D:7)
  3 hounds
  34 orc priests
  A jelly (D:6)
  5 iguanas
  A sleepcap (D:5)
  Terence (D:2)
  Natasha (twice) (D:2)
  6 orc wizards
  A basilisk skeleton (Crypt:2)
  6 centaur simulacra
  A boggart simulacrum (D:15)
  2 mummies (Tomb:1)
  6 adders
  18 gnolls
  2 shadow imps
  3 white imps
  A worm (D:3)
  A dart slug (D:4)
  79 orcs
  3 bats
  An endoplasm (D:4)
  3 giant cockroaches
  3 goblins
  3 hobgoblins
  3 jackals
  2 quokkas
  4 ball pythons
  A jackal skeleton (Crypt:3)
  8 kobolds
  3 rats (D:2)
  A bush (Lair:4)
1506 creatures vanquished.

Vanquished Creatures (others)
  Jorgrun (D:13)
  A draconian monk (Zot:3)
  A frost giant (Shoals:2)
  A draconian scorcher (Zot:1)
  A stone giant (shapeshifter) (Depths:2)
  A very ugly thing (Depths:2)
  A wendigo (Coc:6)
  Snorg (Orc:2)
  A minotaur (Gauntlet)
  A vault guard (D:13)
  A hydra (Lair:4)
  A centaur warrior (D:13)
  2 two-headed ogres (D:11)
  5 death yaks
  2 deep elf knights
  A glowing orange brain (Depths:3)
  2 skeletal warriors (D:11)
  A sea snake (Shoals:4)
  A spriggan simulacrum (Coc:6)
  A deep elf archer (Elf:2)
  An orc knight (Orc:2)
  A necromancer (Crypt:2)
  An ugly thing (D:14)
  A faun (Shoals:2)
  A shining eye (shapeshifter) (Depths:3)
  A gargoyle (D:7)
  An elephant (Lair:5)
  Joseph (D:8)
  A rime drake (Lair:5)
  An iron giant simulacrum (Coc:2)
  An anaconda simulacrum (Coc:6)
  3 komodo dragons
  A yaktaur (Vaults:1)
  A merfolk (Shoals:2)
  5 polar bears
  6 blink frogs
  A dream sheep (Lair:5)
  A dream sheep (shapeshifter) (Depths:3)
  A slime creature (D:14)
  2 water elementals
  A wraith (D:9)
  A spriggan (Lair:5)
  24 yaks
  3 humans
  A floating eye (Depths:3)
  2 death yak simulacra (Shoals:2)
  An alligator snapping turtle simulacrum (Shoals:2)
  3 nagas
  A harpy simulacrum (Shoals:2)
  A warg (Orc:2)
  An acid dragon (D:10)
  3 water moccasins
  Duvessa (D:4)
  2 orc warriors (Orc:2)
  2 black bears
  A satyr simulacrum (Shoals:2)
  A wolf (Lair:5)
  A boggart (Elf:1)
  A naga simulacrum (Coc:6)
  2 manticore simulacra (Shoals:2)
  160 jellies
  A hell rat (Hell)
  A gnoll (D:11)
  5 orcs
  A fire vortex (Hell)
  60 fungi
  121 plants
  77 snaplasher vines
  4 tentacles (Shoals:2)
  4 withered plants (D:2)
546 creatures vanquished.

Grand Total: 3106 creatures vanquished

Notes
Turn   | Place    | Note
-------+----------+-------------------------------------------
     0 | D:1      | cforsyth the Octopode Summoner began the quest for the Orb.
     0 | D:1      | Reached XP level 1. HP: 11/11 MP: 3/3
   159 | D:1      | Reached XP level 2. HP: 16/17 MP: 1/5
   712 | D:1      | Reached XP level 3. HP: 18/21 MP: 6/6
   842 | D:2      | Identified the ring of Bosaeque {Contam rC+ Int+3 Dex+6}
   884 | D:2      | Noticed Terence
   916 | D:2      | Learned a level 2 spell: Call Imp
   920 | D:2      | Learned a level 3 spell: Call Canine Familiar
   922 | D:2      | Noticed Natasha
   931 | D:2      | Killed Natasha
   932 | D:2      | Reached XP level 4. HP: 25/27 MP: 1/8
  1117 | D:2      | Found an opulent altar of Gozag.
  1178 | D:2      | Became a worshipper of Gozag Ym Sagoz the Greedy
  1237 | D:2      | You fall into a shaft and drop 2 floors!
  1294 | D:4      | Reached skill level 5 in Summonings
  1703 | D:4      | Reached XP level 5. HP: 15/31 MP: 7/10
  2196 | D:4      | Noticed Dowan
  2902 | D:3      | Found an ornate altar of the Wu Jian Council.
  3167 | D:2      | Killed Terence
  3168 | D:2      | Reached XP level 6. HP: 36/36 MP: 5/12
  3177 | D:2      | Learned a level 3 spell: Summon Guardian Golem
  3182 | D:2      | Learned a level 4 spell: Summon Lightning Spire
  3332 | D:2      | Noticed Sigmund
  3351 | D:2      | Killed Sigmund
  3352 | D:2      | Reached skill level 1 in Hexes
  3352 | D:2      | Reached skill level 1 in Air Magic
  3502 | D:2      | Noticed Natasha
  3511 | D:2      | Killed Natasha
  3666 | D:2      | Noticed Natasha
  3674 | D:2      | Killed Natasha
  3675 | D:2      | Reached XP level 7. HP: 28/41 MP: 2/13
  3924 | D:4      | Noticed Duvessa
  3939 | D:4      | Killed Duvessa
  3966 | D:4      | Killed Dowan
  4135 | D:5      | Entered Level 5 of the Dungeon
  4316 | D:5      | Reached skill level 5 in Spellcasting
  4419 | D:5      | Found a staircase to the Ecumenical Temple.
  4460 | D:5      | Found a glowing golden altar of the Shining One.
  4572 | D:5      | Found a broken altar of Ashenzari.
  4590 | D:5      | Noticed Edmund
  4601 | D:5      | Killed Edmund
  4602 | D:5      | Reached XP level 8. HP: 46/46 MP: 1/16
  4837 | D:5      | Noticed Pikel
  4844 | D:5      | Killed Pikel
  5250 | D:5      | Reached XP level 9. HP: 51/51 MP: 19/19
  5785 | D:6      | Found Gechuhay's Antique Weapon Boutique.
  6773 | D:7      | Noticed a gargoyle
  6790 | D:7      | Killed a gargoyle
  6820 | D:7      | Noticed Menkaure
  6825 | D:7      | Killed Menkaure
  6826 | D:7      | Reached XP level 10. HP: 56/56 MP: 22/22
  7138 | D:7      | Reached skill level 5 in Dodging
  7291 | D:7      | Found a hazy altar of Hepliaklqana.
  7347 | D:7      | Found Xoize's Jewellery Emporium.
  7753 | D:8      | Noticed an unseen horror
  7773 | D:8      | Killed an unseen horror
  7774 | D:8      | Reached skill level 10 in Summonings
  7802 | D:8      | Found an opulent altar of Gozag.
  7963 | D:8      | Noticed Gastronok
  7982 | D:8      | Killed Gastronok
  8146 | D:8      | Noticed a two-headed ogre
  8163 | D:8      | Killed a two-headed ogre
  8283 | D:8      | Noticed Joseph
  8294 | D:8      | Killed Joseph
  8513 | D:8      | Found a shimmering altar of Xom.
  8521 | D:8      | Found a shimmering blue altar of Sif Muna.
  8795 | D:9      | Reached XP level 11. HP: 61/61 MP: 24/24
  9003 | D:9      | Found Xifeyseoh's Antique Armour Emporium.
  9149 | D:9      | Reached skill level 10 in Spellcasting
  9187 | D:9      | Reached skill level 1 in Fighting
  9261 | D:9      | Found a white marble altar of Elyvilon.
  9262 | D:9      | Found a radiant altar of Vehumet.
  9588 | D:9      | Found an ancient bone altar of Kikubaaqudgha.
  9653 | D:10     | Entered Level 10 of the Dungeon
  9845 | D:10     | Reached skill level 10 in Dodging
  9955 | D:10     | Found a burning altar of Makhleb.
 10656 | D:10     | Found a staircase to the Orcish Mines.
 10912 | D:10     | Found a staircase to the Lair.
 11666 | D:11     | Noticed a two-headed ogre
 11675 | D:11     | Killed a two-headed ogre
 11774 | D:11     | Noticed a skeletal warrior
 11777 | D:11     | Noticed a skeletal warrior
 11777 | D:11     | Noticed a skeletal warrior
 11789 | D:11     | Killed a skeletal warrior
 11805 | D:11     | Killed a skeletal warrior
 11806 | D:11     | Reached skill level 5 in Fighting
 11810 | D:11     | Killed a skeletal warrior
 11874 | D:11     | Found a gate leading to a gauntlet.
 11886 | Gauntlet | Entered a Gauntlet
 11886 | Gauntlet | Found a transporter.
 11886 | Gauntlet | Found a transporter.
 11886 | Gauntlet | Found a runed translucent door.
 11886 | Gauntlet | Found a runed translucent door.
 11891 | Gauntlet | Noticed a necromancer
 11918 | Gauntlet | Found a transporter.
 11921 | Gauntlet | Found a transporter.
 11924 | Gauntlet | Found a transporter.
 11937 | Gauntlet | Found a transporter.
 11955 | Gauntlet | Found a transporter.
 11957 | Gauntlet | Found a transporter.
 11957 | Gauntlet | Found a transporter.
 11959 | Gauntlet | Noticed a quicksilver ooze
 11959 | Gauntlet | Noticed a cyan ugly thing
 11960 | Gauntlet | Noticed a glowing orange brain
 11969 | Gauntlet | Found a transporter.
 11985 | Gauntlet | Found a transporter.
 11994 | Gauntlet | Noticed a white ugly thing
 11995 | Gauntlet | Found a transporter.
 12004 | Gauntlet | Noticed a great orb of eyes
 12009 | Gauntlet | Found a transporter.
 12029 | Gauntlet | Found a transporter.
 12248 | Gauntlet | Killed a necromancer
 12249 | Gauntlet | Reached XP level 12. HP: 79/79 MP: 24/26
 12397 | Gauntlet | Identified the amulet of Cowardice {Acrobat -Cast rElec
                  | Stlth+}
 12454 | Gauntlet | Identified the amulet of the Devil's Advocate {Spirit +Inv
                  | rPois rC- rN+++}
 12454 | Gauntlet | Noticed a minotaur
 12472 | Gauntlet | Killed a minotaur
 12506 | Gauntlet | Got the Codex of Putridity and the Grave
 12691 | D:11     | Noticed a two-headed ogre
 12706 | D:11     | Killed a two-headed ogre
 14036 | D:12     | Noticed a boulder beetle
 14063 | D:12     | Killed a boulder beetle
 14751 | Lair:1   | Entered Level 1 of the Lair of Beasts
 15091 | Lair:1   | Found a runed translucent door.
 15145 | Lair:1   | Noticed a vampire mage
 15444 | Lair:1   | Noticed Fannar
 15456 | Lair:1   | Killed Fannar
 15646 | Lair:1   | Reached XP level 13. HP: 90/90 MP: 27/27
 16338 | Lair:2   | Reached skill level 10 in Fighting
 16569 | Lair:2   | Found a staircase to the Snake Pit.
 16606 | Lair:2   | Found a staircase to the Shoals.
 16991 | Lair:2   | Reached skill level 15 in Dodging
 17116 | Lair:2   | Identified the +1 short sword of Dody {flame, rN++ Will+
                  | Str-5 Dex+3}
 17217 | Lair:2   | Noticed Harold
 17231 | Lair:2   | Killed Harold
 18060 | Lair:1   | Bought a Fen Folio for 546 gold pieces
 18066 | Lair:1   | Learned a level 5 spell: Summon Forest
 19269 | Lair:4   | Found a viscous altar of Jiyva.
 19270 | Lair:4   | Found a staircase to the Slime Pits.
 19837 | Lair:4   | Reached XP level 14. HP: 106/106 MP: 22/28
 20082 | Lair:4   | Noticed Fagh's ghost (journeyman DsCK)
 20089 | Lair:4   | Found a runed translucent gate.
 20089 | Lair:4   | Found a runed translucent gate.
 20097 | Lair:4   | Found a runed translucent gate.
 20256 | Lair:5   | Entered Level 5 of the Lair of Beasts
 21099 | Lair:5   | Reached skill level 15 in Fighting
 23556 | Lair:5   | Reached XP level 15. HP: 120/120 MP: 26/29
 23616 | Lair:5   | Identified the +7 mace "Ameclus" {freeze, rElec Int-4
                  | Dex+8}
 24566 | Orc:1    | Entered Level 1 of the Orcish Mines
 25222 | Orc:2    | Entered Level 2 of the Orcish Mines
 25222 | Orc:2    | Noticed an orc warlord
 25222 | Orc:2    | Found a staircase to the Elven Halls.
 25592 | Orc:2    | Noticed Snorg
 25607 | Orc:2    | Killed Snorg
 26058 | Orc:2    | Killed an orc warlord
 27264 | Orc:2    | Found Cuprylolawo's Book Shoppe.
 27264 | Orc:2    | Found Doirgh's Antique Armour Shop.
 27599 | Orc:2    | Found Cemipp's Armour Shoppe.
 27599 | Orc:2    | Found Pogholau's General Store.
 28057 | Orc:2    | Bought a book of the Wilderness for 532 gold pieces
 28064 | Orc:2    | Learned a level 6 spell: Summon Cactus Giant
 28070 | Orc:2    | Learned a level 5 spell: Summon Mana Viper
 29015 | D:13     | Identified the +0 robe of Feott {rCorr Int+2}
 29234 | D:13     | Found a gate to the Vaults.
 29470 | D:13     | Noticed Jorgrun
 29488 | D:13     | Killed Jorgrun
 29678 | D:13     | Found Kayl's Distillery.
 30622 | D:14     | Noticed Kirke
 30633 | D:14     | Killed Kirke
 31164 | D:14     | Reached XP level 16. HP: 133/133 MP: 29/30
 31752 | D:15     | Entered Level 15 of the Dungeon
 32755 | D:15     | Found a staircase to the Depths.
 34185 | Lair:4   | Killed Fagh's ghost
 34793 | Snake:1  | Entered Level 1 of the Snake Pit
 34979 | Snake:1  | Noticed a nagaraja
 35001 | Snake:1  | Killed a nagaraja
 35319 | Snake:1  | Noticed Aizul
 35331 | Snake:1  | Killed Aizul
 36031 | Snake:1  | Found Mupimaym's Armour Boutique.
 36033 | Snake:1  | Found Axteergha's Antique Armour Shop.
 36035 | Snake:1  | Found Wokigos's Antique Armour Boutique.
 36661 | Snake:1  | Found a runed translucent gate.
 36662 | Snake:1  | Found a runed translucent gate.
 36663 | Snake:1  | Found a runed translucent gate.
 36664 | Snake:1  | Noticed Sopaerr's ghost (journeyman MiBe)
 36666 | Snake:1  | Noticed Maeg's ghost (adept TrMo)
 36668 | Snake:1  | Noticed Guoplah's ghost (adept HOFi)
 36668 | Snake:1  | Noticed Caumakya's ghost (adept MiFi)
 36668 | Snake:1  | Noticed Kemp's ghost (adept MiMo)
 37039 | Snake:1  | Killed Caumakya's ghost
 37332 | Snake:1  | Identified the +2 pair of boots of Disguise {MP+9 Str+2
                  | Dex+2}
 37374 | Snake:1  | Killed Sopaerr's ghost
 37551 | Snake:1  | Killed Maeg's ghost
 37882 | Snake:2  | Reached XP level 17. HP: 133/144 MP: 26/31
 38618 | Snake:2  | Found Moyshabb's Magic Scroll Shoppe.
 38635 | Snake:2  | Bought a scroll of acquirement for 832 gold pieces
 38641 | Snake:2  | Acquired 568 gold pieces
 38942 | Snake:2  | Noticed Frances
 38969 | Snake:2  | Killed Frances
 41029 | Snake:3  | Found Ysi Niw's Assorted Antiques.
 41032 | Snake:3  | Found Mobb's Weapon Boutique.
 41032 | Snake:3  | Found Ycupt's Magic Scroll Shop.
 41036 | Snake:3  | Found Tinuwk's Jewellery Shop.
 41384 | Snake:4  | Entered Level 4 of the Snake Pit
 41805 | Snake:4  | Found Loqecymn's Antique Armour Boutique.
 41807 | Snake:4  | Found Wotwil's Antique Armour Shop.
 41809 | Snake:4  | Found Oshril's Book Boutique.
 42258 | Snake:4  | Noticed a quicksilver dragon
 42261 | Snake:4  | Noticed a quicksilver dragon
 42563 | Snake:4  | Killed a quicksilver dragon
 42720 | Snake:4  | Found Olecequt's Assorted Antiques.
 42723 | Snake:4  | Killed a quicksilver dragon
 43498 | Snake:4  | Got a serpentine rune of Zot
 44013 | Snake:1  | Killed Guoplah's ghost
 44107 | Snake:1  | Killed Kemp's ghost
 44462 | Lair:1   | Learned a level 7 spell: Summon Hydra
 44526 | Shoals:1 | Entered Level 1 of the Shoals
 44547 | Shoals:1 | Reached XP level 18. HP: 151/151 MP: 22/34
 44570 | Shoals:1 | Found a frozen archway.
 44678 | IceCv    | Entered an ice cave
 46977 | IceCv    | Reached skill level 15 in Summonings
 50504 | Shoals:2 | Found a runed translucent gate.
 50504 | Shoals:2 | Found a runed translucent gate.
 50504 | Shoals:2 | Found a runed translucent gate.
 50509 | Shoals:2 | Found the ring of the Octopus King
 51046 | Shoals:2 | Identified a ring of the Octopus King {rC+ HP+2 AC+2 EV+2
                  | SH+2}
 51826 | Shoals:3 | Reached XP level 19. HP: 85/156 MP: 10/37
 52205 | Shoals:3 | Reached skill level 1 in Transmutations
 53457 | Shoals:4 | Entered Level 4 of the Shoals
 53795 | Shoals:4 | Reached skill level 5 in Transmutations
 54651 | Shoals:4 | Found the +27 heavy crossbow "Sniper" {heavy, Acc+∞ SInv}
 54910 | Shoals:4 | Paralysed by an air elemental for 1 turns
 54912 | Shoals:4 | Paralysed by an air elemental for 1 turns
 55122 | Shoals:4 | Paralysed by an air elemental for 1 turns
 55227 | Shoals:4 | Got a barnacled rune of Zot
 55333 | Shoals:4 | Found a bloodstained altar of Trog.
 56589 | Shoals:4 | Found a stormy altar of Qazlal.
 57175 | Vaults:1 | Entered Level 1 of the Vaults
 57726 | Vaults:1 | Reached skill level 10 in Transmutations
 59479 | Vaults:2 | Found Lytib's Distillery.
 59884 | Vaults:2 | Reached XP level 20. HP: 101/163 MP: 22/38
 60170 | Vaults:2 | Identified the +0 arbalest of the Eternal Warrior {flame,
                  | rN+ Dex+3}
 61642 | Lair:1   | Bought the ring "Wiliaquh" {rElec rPois rN+ EV+5 Int+3} for
                  | 1229 gold pieces
 62088 | Vaults:3 | Noticed Boris
 62123 | Vaults:3 | Killed Boris
 62472 | Vaults:3 | Found a staircase to the Crypt.
 62472 | Vaults:3 | Found a basalt altar of Yredelemnul.
 62472 | Vaults:3 | Found an ancient bone altar of Kikubaaqudgha.
 62806 | Vaults:3 | You fall into a shaft and drop 1 floor!
 63430 | Vaults:4 | Reached skill level 15 in Transmutations
 64495 | Vaults:3 | Found the +5 glaive of the Guard {elec, spectral, AC+5}
 65622 | Vaults:4 | Reached XP level 21. HP: 133/170 MP: 20/39
 66106 | Vaults:4 | Noticed Bai Suzhen
 66278 | Vaults:4 | Killed Bai Suzhen
 68075 | Vaults:4 | Noticed Jory
 68316 | Vaults:4 | HP: 8/172 [Jory/+2 battleaxe of flaming (33)]
 68622 | Vaults:4 | Killed Jory
 69000 | Vaults:4 | Noticed Mennas
 69277 | Elf:1    | Entered Level 1 of the Elven Halls
 69282 | Elf:1    | Paralysed by an air elemental for 1 turns
 69621 | Elf:1    | Paralysed by an air elemental for 1 turns
 69625 | Orc:2    | Paralysed by an air elemental for 1 turns
 69628 | Orc:2    | Paralysed by an air elemental for 1 turns
 69994 | Elf:1    | Noticed Donald
 70002 | Elf:1    | Killed Donald
 70234 | Elf:1    | Paralysed by an air elemental for 1 turns
 72115 | Elf:1    | Paralysed by an air elemental for 1 turns
 73113 | Elf:2    | Found a runed translucent door.
 73173 | Elf:2    | Found a runed translucent door.
 73339 | Elf:2    | Identified the +4 short sword of Mesitz {elec, rF- Str+5}
 73362 | Elf:2    | Identified the +9 long sword "Emeocoim" {flame, rF+ Int+2}
 73912 | Elf:2    | Reached XP level 22. HP: 176/176 MP: 30/40
 74732 | Elf:3    | Entered Level 3 of the Elven Halls
 74732 | Elf:3    | Found Kiodel's Antique Weapon Emporium.
 74733 | Elf:3    | Paralysed by an air elemental for 1 turns
 75113 | Elf:3    | Noticed Nikola
 75121 | Elf:3    | Killed Nikola
 76610 | Elf:3    | Identified the ring of Hogro {AC+4 SInv Stlth+}
 76709 | Elf:3    | Identified the ring "Kucyo" {*Slow rElec rN+ Dex+6 Stlth+}
 76861 | Elf:3    | Identified the +5 quarterstaff of Slime {protect, rN+ Will-
                  | Str-4 Int+10}
 76861 | Elf:3    | Identified the ring of the Zebra {Fly Will+ Int+6}
 77455 | Elf:3    | Learned a level 7 spell: Storm Form
 77456 | Elf:3    | Found the +3 Mad Mage's Maulers {Infuse+∞ VampMP -Cast}
 77477 | Elf:3    | Identified the +1 sling "Zicsel" {speed, rC+}
 77497 | Elf:3    | Learned a level 4 spell: Manifold Assault
 77500 | Elf:3    | Identified the +2 falchion of Wuyro {speed, +Blink rPois
                  | rC- Stlth+}
 77686 | Orc:2    | Bought a manual of Air Magic for 1120 gold pieces
 77966 | Vaults:4 | Reached skill level 1 in Unarmed Combat
 78269 | Vaults:4 | Killed Mennas
 78270 | Vaults:4 | Reached skill level 5 in Air Magic
 78278 | Vaults:4 | Reached skill level 2 in Unarmed Combat
 78616 | Vaults:4 | Reached skill level 3 in Unarmed Combat
 78761 | Vaults:5 | Entered Level 5 of the Vaults
 78790 | Vaults:4 | Reached skill level 4 in Unarmed Combat
 79125 | Vaults:4 | Reached skill level 5 in Unarmed Combat
 79961 | Vaults:4 | Reached skill level 6 in Unarmed Combat
 80367 | Vaults:4 | Reached XP level 23. HP: 102/182 MP: 38/41
 80659 | Vaults:5 | Noticed a dread lich
 80662 | Vaults:5 | Reached skill level 10 in Air Magic
 80673 | Vaults:4 | Killed a dread lich
 81388 | Vaults:4 | Reached skill level 7 in Unarmed Combat
 81567 | Vaults:5 | Noticed a dread lich
 81838 | Vaults:4 | Killed a dread lich
 82520 | Vaults:5 | Reached skill level 8 in Unarmed Combat
 83540 | Vaults:5 | Reached skill level 9 in Unarmed Combat
 84385 | Vaults:5 | Identified the staff of fire "Tifyjuda" {rF+ Str+5}
 84710 | Vaults:5 | Reached skill level 10 in Unarmed Combat
 85083 | Vaults:5 | Got a silver rune of Zot
 85089 | Vaults:5 | Identified the +2 hat of Objectivity {+Inv rF- Str+4}
 85207 | Vaults:5 | Got the Vellum of the Body
 85478 | Vaults:5 | Identified the ring of the Omega Point {rCorr Dex+2}
 85556 | Vaults:5 | Identified the +1 spear "Qekeres" {heavy, Fly rC- rN+}
 86298 | Slime:1  | Entered Level 1 of the Pits of Slime
 86443 | Slime:1  | Gained mutation: You sometimes lose your temper in combat.
                  | [a shining eye]
 86448 | Slime:1  | Gained mutation: Your magical capacity is low. (-10% MP) [a
                  | shining eye]
 86450 | Slime:1  | Gained mutation: You are frail. (-10% HP) [a shining eye]
 86455 | Slime:1  | Reached skill level 1 in Translocations
 86703 | Lair:4   | Lost mutation: You sometimes lose your temper in combat.
                  | [potion of mutation]
 86703 | Lair:4   | Lost mutation: Your magical capacity is low. (-10% MP)
                  | [potion of mutation]
 86703 | Lair:4   | Gained mutation: You are occasionally teleported next to
                  | monsters. [potion of mutation]
 86703 | Lair:4   | Gained mutation: Your system is resistant to poisons.
                  | (rPois) [potion of mutation]
 86704 | Lair:4   | Lost mutation: Your system is resistant to poisons. (rPois)
                  | [potion of mutation]
 86704 | Lair:4   | Lost mutation: You are frail. (-10% HP) [potion of
                  | mutation]
 86704 | Lair:4   | Gained mutation: You are often teleported next to monsters.
                  | [potion of mutation]
 86705 | Lair:4   | Lost mutation: You are often teleported next to monsters.
                  | [potion of mutation]
 86705 | Lair:4   | Lost mutation: You are occasionally teleported next to
                  | monsters. [potion of mutation]
 86705 | Lair:4   | Gained mutation: You are clumsy. (Dex -2) [potion of
                  | mutation]
 86705 | Lair:4   | Gained mutation: You are partially covered in iridescent
                  | scales. (AC +2) [potion of mutation]
 86705 | Lair:4   | Gained mutation: Your body sometimes deteriorates upon
                  | taking damage. [potion of mutation]
 86714 | Slime:1  | Reached skill level 15 in Air Magic
 86969 | Slime:2  | Gained mutation: You occasionally lose the ability to drink
                  | potions when taking damage. [a shining eye]
 88894 | Slime:2  | Reached XP level 24. HP: 187/189 MP: 0/41
 89146 | Slime:2  | Gained mutation: Your body often deteriorates upon taking
                  | damage. [a shining eye]
 89151 | Slime:2  | Reached skill level 11 in Unarmed Combat
 89480 | Slime:2  | You are sucked into a shaft and drop 2 floors!
 90222 | Slime:4  | Noticed Dissolution
 90236 | Slime:3  | Killed Dissolution
 91842 | Slime:5  | Entered Level 5 of the Pits of Slime
 91855 | Slime:5  | Reached skill level 5 in Translocations
 92984 | Slime:5  | Noticed the Royal Jelly
 93079 | Slime:5  | Found a viscous altar of Jiyva.
 93351 | Slime:5  | Reached skill level 12 in Unarmed Combat
 94139 | Lair:1   | Bought the ring "Ixogeopty" {rElec Will+ Str+3 Int+3
                  | Slay+4} for 2034 gold pieces
 94269 | Lair:4   | Fell from the grace of Gozag
 94269 | Lair:4   | Became a worshipper of Jiyva Jiulily the Shapeless
 94588 | Crypt:1  | Entered Level 1 of the Crypt
 94810 | Crypt:1  | Noticed Boris
 94820 | Crypt:1  | Killed Boris
 95954 | Crypt:2  | Reached skill level 13 in Unarmed Combat
 96305 | Crypt:2  | Reached * piety under Jiyva
 96993 | Crypt:3  | Entered Level 3 of the Crypt
 97352 | Crypt:3  | Reached ** piety under Jiyva
 97358 | Crypt:3  | Reached XP level 25. HP: 195/195 MP: 36/41
 97723 | Crypt:3  | Reached skill level 14 in Unarmed Combat
 97772 | Crypt:3  | Reached skill level 10 in Translocations
 97920 | Crypt:3  | Found the +8 Wrath of Trog {antimagic, *Rage Rampage}
 98098 | Crypt:3  | Noticed an ancient lich
 98109 | Crypt:3  | Killed an ancient lich
 98144 | Crypt:3  | Noticed a dread lich
 98144 | Crypt:3  | Noticed a dread lich
 98165 | Crypt:3  | Killed a dread lich
 98173 | Crypt:3  | Killed a dread lich
 98174 | Crypt:3  | Reached skill level 15 in Unarmed Combat
 98621 | Crypt:3  | Found a staircase to the Tomb.
 98972 | Tomb:1   | Entered Level 1 of the Tomb of the Ancients
 99136 | Tomb:1   | Reached skill level 16 in Unarmed Combat
 99305 | Tomb:1   | Reached *** piety under Jiyva
 99352 | Tomb:1   | Lost mutation: You are clumsy. (Dex -2) [Jiyva's grace]
 99352 | Tomb:1   | Lost mutation: Your body often deteriorates upon taking
                  | damage. [Jiyva's grace]
 99352 | Tomb:1   | Lost mutation: Your body sometimes deteriorates upon taking
                  | damage. [Jiyva's grace]
 99352 | Tomb:1   | Lost mutation: You occasionally lose the ability to drink
                  | potions when taking damage. [Jiyva's grace]
 99352 | Tomb:1   | Gained mutation: You are covered in fur. (AC +1) [Jiyva's
                  | grace]
 99352 | Tomb:1   | Gained mutation: You are covered in thick fur. (AC +2)
                  | [Jiyva's grace]
 99352 | Tomb:1   | Gained mutation: Your thick and shaggy fur keeps you warm.
                  | (AC +3, rC+) [Jiyva's grace]
 99352 | Tomb:1   | Gained mutation: Your body has grown eyes which may confuse
                  | attackers. (Acc +3) [Jiyva's grace]
 99976 | Depths:1 | Entered Level 1 of the Depths
100151 | Depths:1 | Reached **** piety under Jiyva
100265 | Depths:1 | Reached skill level 17 in Unarmed Combat
100639 | Depths:1 | Found a one-way gate leading to the halls of Pandemonium.
100713 | Depths:1 | Found a stormy altar of Qazlal.
100844 | Depths:1 | Gained mutation: Your muscles are strong. (Str +4, Int/Dex
                  | -1) [Jiyva's grace]
100844 | Depths:1 | Gained mutation: Your muscles are very strong. (Str +8,
                  | Int/Dex -2) [Jiyva's grace]
100844 | Depths:1 | Gained mutation: You are strong-willed. (Will+) [Jiyva's
                  | grace]
100844 | Depths:1 | Gained mutation: You are highly strong-willed. (Will++)
                  | [Jiyva's grace]
100887 | Depths:1 | Found a gateway to Hell.
101010 | Depths:2 | Noticed Boris
101018 | Depths:2 | Killed Boris
101189 | Depths:2 | Noticed a juggernaut
101282 | Depths:2 | Reached skill level 18 in Unarmed Combat
101360 | Depths:2 | Reached ***** piety under Jiyva
101730 | Depths:2 | Found a one-way gateway to a ziggurat.
102105 | Depths:2 | Reached XP level 26. HP: 201/201 MP: 41/41
102111 | Depths:2 | Identified the +5 great sword "Kuwuon" {heavy, rN++ Dex+3}
102343 | Depths:2 | Reached skill level 19 in Unarmed Combat
102348 | Depths:2 | Got the Volume of Volatile Cadavers
102388 | Depths:2 | Found a bloodstained altar of Trog.
102388 | Depths:2 | Found a shimmering altar of Xom.
102651 | Depths:2 | Killed a juggernaut
102892 | Depths:3 | Found Loborum's General Store.
102936 | Depths:3 | Lost mutation: You are highly strong-willed. (Will++)
                  | [Jiyva's grace]
102936 | Depths:3 | Lost mutation: Your thick and shaggy fur keeps you warm.
                  | (AC +3, rC+) [Jiyva's grace]
102936 | Depths:3 | Lost mutation: You are covered in thick fur. (AC +2)
                  | [Jiyva's grace]
102936 | Depths:3 | Lost mutation: Your muscles are very strong. (Str +8,
                  | Int/Dex -2) [Jiyva's grace]
102936 | Depths:3 | Gained mutation: You are robust. (+10% HP) [Jiyva's grace]
102936 | Depths:3 | Gained mutation: You are very robust. (+20% HP) [Jiyva's
                  | grace]
102936 | Depths:3 | Gained mutation: You are extremely robust. (+30% HP)
                  | [Jiyva's grace]
102936 | Depths:3 | Gained mutation: You expend magic power (3 MP) to
                  | strengthen your wands. [Jiyva's grace]
102999 | Depths:3 | Noticed a juggernaut
103010 | Depths:3 | Killed a juggernaut
103011 | Depths:3 | Reached skill level 20 in Unarmed Combat
103022 | Depths:3 | Was forgiven by Gozag
103214 | Depths:3 | Noticed a juggernaut
103225 | Depths:3 | Killed a juggernaut
103429 | Depths:3 | Noticed a juggernaut
103438 | Depths:3 | Killed a juggernaut
103466 | Depths:3 | Reached skill level 21 in Unarmed Combat
103565 | Depths:3 | Identified the staff of death "Ymnieschu" {rN+ Str+2}
103805 | Depths:3 | Found a one-way gate to the infinite horrors of the Abyss.
103878 | Depths:4 | Entered Level 4 of the Depths
103886 | Depths:4 | Noticed Sojobo
103897 | Depths:4 | Killed Sojobo
104526 | Depths:4 | Found a gate to the Realm of Zot.
104619 | Hell     | Entered the Vestibule of Hell
104619 | Hell     | Noticed Geryon
105038 | Depths:4 | Reached XP level 27. HP: 229/269 MP: 41/41
105654 | Hell     | Killed Geryon
105847 | Hell     | Found a gateway to the Iron City of Dis.
105938 | Hell     | Found a gateway to the ashen valley of Gehenna.
106038 | Hell     | Found a gateway to the decaying netherworld of Tartarus.
106067 | Hell     | Reached ****** piety under Jiyva
106121 | Hell     | Found a gateway to the freezing wastes of Cocytus.
106207 | Coc:1    | Entered Level 1 of Cocytus
106684 | Coc:2    | Lost mutation: You are extremely robust. (+30% HP) [Jiyva's
                  | grace]
106684 | Coc:2    | Gained mutation: You are mostly covered in iridescent
                  | scales. (AC +4) [Jiyva's grace]
106684 | Coc:2    | Gained mutation: You are completely covered in iridescent
                  | scales. (AC +6) [Jiyva's grace]
106684 | Coc:2    | Gained mutation: You have a small jelly attached to you
                  | that may absorb projectiles. [Jiyva's grace]
106684 | Coc:2    | Gained mutation: You are somewhat resistant to further
                  | mutation. [Jiyva's grace]
106990 | Coc:3    | Reached skill level 22 in Unarmed Combat
107751 | Coc:4    | You are sucked into a shaft and drop 2 floors!
108561 | Coc:7    | Entered Level 7 of Cocytus
109203 | Slime:5  | Identified the ring of Hasouv {Drain rPois rN+ rCorr SInv}
109231 | Slime:5  | Identified the +1 robe of the Moneychanger {rPois}
109233 | Slime:5  | Got a slimy rune of Zot
109308 | Slime:5  | Identified the +9 hand axe "Himytah" {holy, rF+ rN+}
109949 | Zot:1    | Entered Level 1 of the Realm of Zot
111646 | Zot:2    | Acquired 587 gold pieces
111710 | Zot:2    | Lost mutation: You are strong-willed. (Will+) [Jiyva's
                  | grace]
111710 | Zot:2    | Lost mutation: You are covered in fur. (AC +1) [Jiyva's
                  | grace]
111710 | Zot:2    | Gained mutation: You are somewhat resistant to both further
                  | mutation and mutation removal. [Jiyva's grace]
111710 | Zot:2    | Gained mutation: You are almost entirely resistant to
                  | further mutation and mutation removal. [Jiyva's grace]
111710 | Zot:2    | Gained mutation: Your system is resistant to poisons.
                  | (rPois) [Jiyva's grace]
111710 | Zot:2    | Gained mutation: Your mind is acute. (Int +4, Str/Dex -1)
                  | [Jiyva's grace]
113762 | Zot:4    | Reached skill level 23 in Unarmed Combat
114219 | Zot:4    | Lost mutation: You are almost entirely resistant to further
                  | mutation and mutation removal. [Jiyva's grace]
114219 | Zot:4    | Lost mutation: You are somewhat resistant to both further
                  | mutation and mutation removal. [Jiyva's grace]
114219 | Zot:4    | Lost mutation: You expend magic power (3 MP) to strengthen
                  | your wands. [Jiyva's grace]
114219 | Zot:4    | Gained mutation: You are somewhat resistant to both further
                  | mutation and mutation removal. [Jiyva's grace]
114219 | Zot:4    | Gained mutation: You are almost entirely resistant to
                  | further mutation and mutation removal. [Jiyva's grace]
114219 | Zot:4    | Gained mutation: Your body has grown many eyes which may
                  | confuse attackers. (Acc +5) [Jiyva's grace]
114219 | Zot:4    | Gained mutation: Your body is covered in eyes which may
                  | confuse attackers. (Acc +7, SInv) [Jiyva's grace]
114532 | Zot:5    | Entered Level 5 of the Realm of Zot
114600 | Zot:5    | Found a huge runed gate.
114600 | Zot:5    | Found a huge runed gate.
114600 | Zot:5    | Found a huge runed gate.
114600 | Zot:5    | Found a huge runed gate.
114600 | Zot:5    | Found a huge runed gate.
114601 | Zot:5    | Found a huge runed gate.
114601 | Zot:5    | Found a huge runed gate.
114602 | Zot:5    | Found a huge runed gate.
114603 | Zot:5    | Found a huge runed gate.
114603 | Zot:5    | Found a huge runed gate.
114605 | Zot:5    | Found a huge runed gate.
114606 | Zot:5    | Found a huge runed gate.
114607 | Zot:5    | Found a huge runed gate.
114608 | Zot:5    | Found a huge runed gate.
114609 | Zot:5    | Found a huge runed gate.
114610 | Zot:5    | Found a huge runed gate.
114618 | Zot:5    | Found a huge runed gate.
114618 | Zot:5    | Found a huge runed gate.
114618 | Zot:5    | Found a huge runed gate.
114618 | Zot:5    | Found a huge runed gate.
114618 | Zot:5    | Found a huge runed gate.
114618 | Zot:5    | Found a huge runed gate.
114645 | Zot:5    | Found a huge runed gate.
114646 | Zot:5    | Found a huge runed gate.
114646 | Zot:5    | Found a huge runed gate.
114655 | Zot:5    | Found a huge runed gate.
114655 | Zot:5    | Found a huge runed gate.
114655 | Zot:5    | Found a huge runed gate.
114655 | Zot:5    | Found a huge runed gate.
114655 | Zot:5    | Found a huge runed gate.
114655 | Zot:5    | Found a huge runed gate.
114656 | Zot:5    | Found a huge runed gate.
114660 | Zot:5    | Found a huge runed gate.
114668 | Zot:5    | Found a huge runed gate.
114676 | Zot:5    | Found a huge runed gate.
114676 | Zot:5    | Found a huge runed gate.
115207 | Zot:5    | Noticed an ancient lich
115208 | Zot:5    | Noticed a dread lich
115210 | Zot:5    | Noticed an orb of fire
115212 | Zot:5    | Noticed an ancient lich
115224 | Zot:5    | Killed a dread lich
115225 | Zot:5    | Killed an ancient lich
115227 | Zot:5    | Noticed an ancient lich
115231 | Zot:5    | Noticed an orb of fire
115418 | Zot:5    | Noticed an orb of fire
115427 | Zot:5    | Noticed a dread lich
115429 | Zot:5    | Killed an orb of fire
115485 | Zot:5    | Killed an orb of fire
115489 | Zot:5    | Killed a dread lich
115597 | Zot:5    | Noticed a dread lich
115673 | Zot:5    | Killed a dread lich
115751 | Zot:5    | Killed an ancient lich
115932 | Zot:5    | Noticed an ancient lich
115936 | Zot:5    | Killed an ancient lich
116281 | Zot:5    | Killed an orb of fire
116336 | Zot:5    | Noticed an ancient lich
116337 | Zot:5    | Killed an ancient lich
116342 | Zot:5    | Killed an ancient lich
116566 | Zot:5    | Identified the +0 long sword of Itayss {chaos, rElec Will+}
116673 | Zot:5    | Noticed a dread lich
116811 | Zot:5    | Killed a dread lich
116816 | Zot:5    | Reached skill level 24 in Unarmed Combat
117016 | Zot:5    | Identified the staff of cold "Imaunnam" {Drain rElec rF+
                  | rC+}
117097 | Zot:5    | Got the Orb of Zot
117278 | Depths:4 | Noticed Wingoson the pandemonium lord
117576 | D:6      | Learned a level 8 spell: Maxwell's Capacitive Coupling
117685 | D:$      | Escaped with the Orb!

Illustrated notes

Levels and vault maps discovered:
D:1:      saegor_arrival_miasma, layout_basic
D:2:      layout_basic, serial_undead, serial_undead_f, serial_undead_e,
          serial_undead_e, serial_undead_f, basic_altar, uniq_natasha,
          uniq_terence, uniq_sigmund
D:3:      layout_basic, pdpol_wu_jian_five_deadly_venoms,
          kennysheep_generic_room_10
D:4:      layout_basic, uniq_duvessa
D:5:      layout_cave_pools, nicolae_tso_swordbearing_angel,
          nicolae_ashenzari_panopticon, minmay_temple_entry_purple_smoke,
          uniq_pikel, uniq_edmund
D:6:      layout_loops_ring, serial_shops, nicolae_take_the_stairs,
          hangedman_glass_teeth
D:7:      layout_gridville, nzn_hepliaklqana_mist_gate, serial_shops, shop,
          serial_glass, glass_columns_a, glass_columns_c, item_on_display_a,
          item_on_display_a, st_stairs_13, minmay_manual_mess, uniq_menkaure
D:8:      layout_basic, grunt_gozag_breadcrumbs,
          amethyst_overflow_temple_binary, uniq_joseph, uniq_gastronok
D:9:      layout_basic, nicolae_overflow_two_pavilions,
          mainiacjoe_overflow_alcove_4, serial_shops, nicolae_square_shop
D:10:     layout_loops_corners, mainiacjoe_overflow_brackets, erik_lair_dragon,
          david_orc_5, water_maze_lemuel
D:11:     layout_roguey, gauntlet_entry_generic
D:12:     layout_roguey
D:13:     layout_grid_maze, grunt_vaults_entry_tiered, serial_shops, shop,
          uniq_jorgrun
D:14:     layout_loops_ring, minmay_puff, uniq_kirke
D:15:     hangedman_depths_entry_try_elsewhere_first, layout_loops_ring,
          minmay_increasing_density
Lair:1:   beast_lair_carwin_large_4, layout_cellular_growth,
          columned_hall_lemuel, pdpol_lair_cabin_in_the_woods, uniq_fannar
Lair:2:   beargit_carnivore_pack, layout_cave_pods, elwin_shoals_entry_rocks,
          guppyfry_snake_entry_island, uniq_harold
Lair:3:   layout_gridlike
Lair:4:   layout_cave_shapes, slime_entry_1, gammafunk_ghost_split
Lair:5:   minmay_lair_end_enchanted_forest, layout_regular_city,
          serial_bayou_crossing, serial_bayou_shore_a
Shoals:1: layout_shoals, portal_ice_cave_entry_ugly_swarm,
          nicolae_shoals_cliffside_cave,
          nicolae_shoals_nymph_descending_staircase
Shoals:2: layout_shoals, nicolae_shoals_beach_cooler
Shoals:3: layout_shoals, st_cyclops
Shoals:4: shoals_end_hellmonk_storm_palace [storm_palace_center_ruins,
          storm_palace_corner_altar, storm_palace_corner_reverse_hut,
          storm_palace_corner_grid, storm_palace_corner_altar]
Snake:1:  layout_cave_pods, gammafunk_ghost_cemetery, hangedman_venom_bottle,
          serial_bayou_shore_b, grunt_megastairs_2, minmay_shop_star, uniq_aizul
Snake:2:  layout_basic, serial_shops, nicolae_shop_tiny_glass, uniq_frances
Snake:3:  layout_cave_town, grunt_ministairs_6, lemuel_fruit_tree,
          serial_bayou_shore_b, minmay_shoptagon
Snake:4:  hellmonk_snake_rune_quicksilver_temple, layout_cave_shapes,
          serial_shops, nicolae_shop_trees, serial_bayou_pond_d,
          nicolae_wooded_promenade, grunt_ministairs_4,
          nicolae_snake_linked_coils
Slime:1:  layout_caves, cheibrodos_slime_lost_civilization_4
Slime:2:  layout_caves
Slime:3:  layout_caves
Slime:4:  layout_caves, nicolae_slime_phagocytosis, uniq_dissolution
Slime:5
Orc:1:    layout_diamond_mine
Orc:2:    st_orc_town, layout_diamond_mine, uniq_snorg
Elf:1:    nicolae_elf_arrival_aired_out, layout_gridlike,
          hangedman_elf_disciples, uniq_donald
Elf:2:    nicolae_elf_blades_splatter_lattice
          [nicolae_blade_entry_splitting_headache], layout_geoelf_grid
Elf:3:    minmay_elf_hall_circle, layout_gridlike, serial_shops, shop,
          st_stairs_1, uniq_nikola
Vaults:1: nicolae_vaults_twisting_passages, v_rooms_4, vaults_dpeg_spiral,
          nicolae_vaults_diagonal_hallway_6, layout_vaults_omnigrid
Vaults:2: ontoclasm_vaults_shout, dpeg_vaults_monster_box,
          nicolae_vaults_little_squares_5, vaults_room_pools, vaults_room_pools,
          hangedman_vaults_maws, ontoclasm_vaults_misaligned,
          nicolae_vaults_asterisk, nicolae_vaults_circle_grid_a,
          layout_vaults_big_room, serial_shops, nicolae_shop_industrial_runoff
Vaults:3: hangedman_vaults_variations, minmay_guarded_unrand_guard_vaults,
          minmay_crypt_entry_necro_gods, v_misc_5,
          nicolae_vaults_little_squares_3, nicolae_vaults_asterisk,
          vaults_room_door_hall, nicolae_vaults_ring_of_whatevers,
          ontoclasm_vaults_bender, nicolae_vaults_specimen_jars,
          nicolae_vaults_little_squares_6, nicolae_vaults_gold_heap,
          nicolae_vaults_little_squares_2, ontoclasm_vaults_misaligned,
          v_misc_27, v_misc_14, layout_vaults_maze_bifur, uniq_boris
Vaults:4: ontoclasm_vaults_fault, hangedman_vaults_hat,
          nicolae_vaults_network_square, hangedman_vaults_impose,
          vaults_room_octagon, v_misc_25, v_pattern_3, v_alt_pattern_6,
          hangedman_vaults_cutoff, nicolae_vaults_border_crossing,
          ontoclasm_vaults_twist, layout_vaults_ring, uniq_bai_suzhen,
          uniq_mennas, uniq_jory
Vaults:5: serial_shops
Crypt:1:  layout_misc_corridors
Crypt:2:  layout_gridlike, grunt_ministairs_8, lemuel_dead_fish_pool
Crypt:3:  david_glass_crypt, layout_gridlike, tomb_entry_sphere_bobbens
Tomb:1
Depths:1: layout_cave_pools, grunt_hell_entry_dis_grunt,
          minmay_misc_feat_ornament, grunt_pan_entry_zigzag,
          nicolae_qazlal_eye_of_the_storm
Depths:2: minmay_the_grid_octo_2x2 [minmay_the_grid_octo_concentric,
          minmay_the_grid_octo_vomiting_pacman,
          minmay_the_grid_octo_tetromino_candy,
          minmay_the_grid_octo_prize_ultimate_mussel_roller], layout_gridlike,
          enter_ziggurat_c, grunt_pan_entry_in_and_out,
          chequers_serial_rivers_micro_c, hell_entry,
          infiniplex_staircase_spiral_double, grunt_megastairs_5,
          serial_bayou_shore_b, firewood_loft
Depths:3: minmay_tile_spiral, layout_cave_pools, marbit_kobold_abyss_entry,
          grunt_mini_vestibule, grunt_pan_entry_sceptre, serial_shops, shop,
          kennysheep_minor_cross
Depths:4: grunt_bruiser_brothers, layout_cave_shapes, pf_coc_iceberg,
          gammafunk_ghost_tricky_traps, hangedman_abyss_entry_splay,
          hangedman_decor_push, st_stairs_8, uniq_sojobo
Hell
Coc:1:    nicolae_coc_icebeans_plural [nicolae_sub_coc_subbean,
          nicolae_sub_coc_subbean, nicolae_sub_coc_subbean,
          nicolae_sub_coc_subbean], layout_cocytus_water_paths
Coc:2:    layout_ice_bergs
Coc:3:    layout_ice_bergs
Coc:4:    layout_cocytus_delve, nicolae_hells_hurtin_island
Coc:6:    nicolae_coc_bergin, layout_ice_bergs
Coc:7:    coc_old
Zot:1:    layout_basic, grunt_megastairs_4
Zot:2:    layout_basic, zot_minivault_4
Zot:3:    layout_cellular_growth
Zot:4:    layout_basic
Zot:5:    layout_misc_corridors, door_vault

Skill      XL: |  1  2  3  4  5  6  7  8  9 10 11 12 13 14 15 16 17 18 19 20 21 22 23 24 25 26 27 |
---------------+----------------------------------------------------------------------------------+-----
Spellcasting   | 3 4 5 7 8 9 10 12 14 | 14.9
Summonings     | 5 6 7 9 10 11 14 16 | 16.2
Hexes          | 1 2 |  2.0
Air Magic      | 1 3 4 9 15 16 19 | 19.7
Dodging        | 4 8 12 14 15 16 18 19 23 | 23.3
Fighting       | 6 9 13 17 19 22 | 22.0
Transmutations | 11 16 19 22 | 22.3
Unarmed Combat | 6 10 13 18 21 24 | 24.1
Translocations | 3 9 10 13 | 13.0
Stealth        | |  2.6

Action                     |  1- 3 |  4- 6 |  7- 9 | 10-12 | 13-15 | 16-18 | 19-21 | 22-24 | 25-27 || total
---------------------------+-------+-------+-------+-------+-------+-------+-------+-------+-------++-------
  Melee: Unarmed           |    55 |    89 |    29 |    15 |    89 |    81 |    76 |   748 |  1524 ||  2706
         Constrict         |    22 |    37 |     8 |     4 |    21 |    14 |    19 |    11 |     2 ||   138
         Tentacles         |    18 |    29 |     7 |     6 |    29 |    30 |    36 |    18 |     3 ||   176
         Punch             |       |       |     1 |     1 |     4 |     2 |     5 |    63 |   178 ||   254
         Glaive            |       |       |       |       |       |       |       |     5 |     6 ||    11
   Cast: Summon Small Mamm |    33 |    52 |    31 |    33 |    96 |     8 |       |       |       ||   253
         Call Imp          |     1 |    20 |    18 |    40 |    63 |    10 |     3 |       |       ||   155
         Call Canine Famil |     1 |     8 |    25 |    60 |    94 |    46 |    15 |     4 |     1 ||   254
         Summon Guardian G |       |     2 |    14 |    70 |   114 |    45 |     5 |     2 |     1 ||   253
         Summon Lightning  |       |     1 |    14 |    46 |   115 |    65 |     8 |     3 |     1 ||   253
         Summon Forest     |       |       |       |       |    74 |    89 |    64 |    43 |    32 ||   302
         Summon Cactus Gia |       |       |       |       |    10 |   196 |   221 |    71 |    57 ||   555
         Summon Mana Viper |       |       |       |       |     9 |   173 |   211 |    68 |    48 ||   509
         Summon Hydra      |       |       |       |       |       |       |   112 |    20 |     9 ||   141
         Storm Form        |       |       |       |       |       |       |       |   111 |   179 ||   290
         Manifold Assault  |       |       |       |       |       |       |       |   161 |   421 ||   582
 Invoke: Call Merchant     |       |       |       |     2 |     2 |     3 |     3 |     1 |       ||    11
Ability: Blinkbolt         |       |       |       |       |       |       |       |     5 |    20 ||    25
  Evoke: Wand              |       |       |       |       |       |     1 |       |     1 |     4 ||     6
    Use: Scroll            |       |       |       |    15 |     7 |     7 |     6 |     3 |    13 ||    51
         Potion            |       |       |       |     4 |       |       |    11 |     4 |     3 ||    22
   Stab: Sleeping          |     2 |       |     1 |       |       |       |       |     2 |       ||     5
         Distracted        |       |     1 |     1 |       |     2 |     4 |     1 |     7 |    12 ||    28
         Betrayed ally     |       |       |       |     1 |       |       |       |       |       ||     1
         Paralysed         |       |       |       |       |       |       |     2 |       |       ||     2
 Armour: Skin              |     7 |     9 |     1 |       |     8 |    16 |    30 |   104 |   210 ||   385
  Dodge: Dodged            |    43 |    80 |    29 |    64 |   252 |   407 |   356 |   848 |  1443 ||  3522
  Block: Other             |       |       |       |       |    59 |    72 |    87 |   236 |   309 ||   763
         Reflection        |       |       |       |       |     6 |     4 |    20 |    14 |     5 ||    49

Table legend: (Time is in decaauts)
 A = Elapsed time spent in this place.
 B = Non-inter-level travel time spent in this place.
 C = Inter-level travel time spent in this place.
 D = Time resting spent in this place.
 E = Time spent auto-exploring this place.
 F = Levels seen in this place.
 G = Mean time per level.
                   A        B        C        D        E       F      G
               +--------+--------+--------+--------+--------+-----+--------+
         Total | 117232 | 109931 |   7301 |  23312 |  65384 |  65 | 1803.6 |
       Dungeon |  21649 |  19060 |   2589 |   1718 |  13651 |  15 | 1443.3 |
          Lair |  12084 |  10405 |   1679 |   1547 |   6791 |   5 | 2416.8 |
        Shoals |   9914 |   9698 |    216 |    499 |   7406 |   4 | 2478.5 |
     Snake Pit |   9496 |   9371 |    125 |   1000 |   6743 |   4 | 2374.0 |
    Slime Pits |   7781 |   7562 |    219 |   3721 |   2538 |   5 | 1556.2 |
  Orcish Mines |   4279 |   4076 |    203 |    966 |   2161 |   2 | 2139.5 |
   Elven Halls |   7776 |   7570 |    206 |   1035 |   5038 |   3 | 2592.0 |
        Vaults |  20063 |  19155 |    908 |   6790 |   9314 |   5 | 4012.6 |
         Crypt |   4505 |   4168 |    337 |    704 |   2701 |   3 | 1501.7 |
          Tomb |    662 |    573 |     89 |    108 |    142 |   1 |  662.0 |
        Depths |   5740 |   5314 |    426 |   1720 |   2464 |   4 | 1435.0 |
          Hell |    661 |    641 |     20 |     98 |    432 |   1 |  661.0 |
       Cocytus |   2442 |   2419 |     23 |   1034 |    946 |   6 |  407.0 |
           Zot |   7075 |   6822 |    253 |   2104 |   3171 |   5 | 1415.0 |
      Ice Cave |   2390 |   2390 |      0 |    233 |   1618 |   1 | 2390.0 |
      Gauntlet |    709 |    709 |      0 |     35 |    267 |   1 |  709.0 |
               +--------+--------+--------+--------+--------+-----+--------+

Top non-repeatable levels by time:
Vaults:4: 9379 daAuts
Vaults:3: 4161 daAuts
Shoals:4: 3441 daAuts
   Orc:2: 3290 daAuts
  Lair:4: 3272 daAuts
 Snake:1: 3172 daAuts
   Elf:1: 2999 daAuts
  Lair:5: 2869 daAuts
  Lair:1: 2865 daAuts
   Elf:3: 2651 daAuts
Vaults:2: 2568 daAuts
 Snake:4: 2434 daAuts
   IceCv: 2390 daAuts
 Slime:4: 2363 daAuts
    D:10: 2351 daAuts
